 Dungeon Crawl Stone Soup version 0.21-a0-404-g291f19a (webtiles) character file.

2788 nikopol the Thaumaturge (level 9, -2/48 HPs)
             Began as a Deep Elf Fire Elementalist on Oct 27, 2017.
             Was a Believer of Sif Muna.
             Shot with a sling bullet by Joseph (3 damage)
             ... on level 7 of the Dungeon on Oct 28, 2017.
             The game lasted 00:33:13 (8134 turns).

nikopol the Thaumaturge (DEFE)                      Turns: 8134, Time: 00:33:13

Health: -2/48      AC:  7    Str:  5    XL:     9   Next: 43%
Magic:  5/24       EV: 14    Int: 24    God:    Sif Muna [**....]
Gold:   147        SH:  5    Dex: 15    Spells: 15/26 levels left

rFire    + . .     SeeInvis .   j - +2 dagger (protect)
rCold    + . .     Gourm    .   r - +2 buckler {reflect}
rNeg     . . .     Faith    .   L - +1 robe {rC+}
rPois    +         Spirit   .   t - +0 helmet
rElec    .         Reflect  +   K - +2 cloak {rPois}
rCorr    +         Harm     .   (no gloves)
MR       .....                  (no boots)
Stlth    +++.......             (no amulet)
HPRegen  0.16/turn              G - ring of resist corrosion
MPRegen  0.19/turn              C - ring of protection from fire

@: very slightly contaminated
A: no striking features
a: Divine Energy, Renounce Religion


You were on level 7 of the Dungeon.
You worshipped Sif Muna.
Sif Muna was pleased with you.
You were not hungry.

You visited 2 branches of the dungeon, and saw 8 of its levels.

You collected 448 gold pieces.
You spent 301 gold pieces at shops.

Inventory:

Hand Weapons
 j - a +2 dagger of protection (weapon)
 z - a +2 dagger of holy wrath
Armour
 r - a +2 buckler of reflection (worn)
 t - a +0 helmet (worn)
 K - a +2 cloak of poison resistance (worn)
 L - a +1 robe of cold resistance (worn)
Jewellery
 C - a ring of protection from fire (right hand)
 G - a ring of resist corrosion (left hand)
Scrolls
 d - 11 scrolls of identify {unknown}
 e - a scroll of fear {unknown}
 f - 2 scrolls of fog {unknown}
 k - 4 scrolls of teleportation {unknown}
 l - a scroll of recharging {unknown}
 m - 4 scrolls of enchant weapon {unknown}
 n - a scroll of amnesia {unknown}
 p - a scroll of blinking {unknown}
 y - a scroll of immolation {unknown}
 A - a scroll of enchant armour {unknown}
 D - a scroll of holy word {unknown}
 I - a scroll of noise {unknown}
 J - 3 scrolls of remove curse {unknown}
Potions
 h - 2 potions of flight {unknown}
 i - 2 potions of resistance {unknown}
 o - 2 potions of berserk rage {unknown}
 q - 5 potions of agility {unknown}
 s - 3 potions of lignification {unknown}
 u - 3 potions of curing {unknown}
 w - a potion of might
 B - a potion of haste {unknown}
 E - 2 potions of mutation {unknown}
Books
 b - a book of Flames

   Spells                             Type                      Level
   a - Flame Tongue                   Conjuration/Fire             1
   b - Throw Flame                    Conjuration/Fire             2
   c - Conjure Flame                  Conjuration/Fire             3
   d - Inner Flame                    Hexes/Fire                   3
   e - Sticky Flame                   Conjuration/Fire             4
   f - Fireball                       Conjuration/Fire             5
 x - a book of Air

   Spells                             Type                      Level
   a - Shock                          Conjuration/Air              1
   b - Swiftness                      Charms/Air                   2
   c - Static Discharge               Conjuration/Air              3
   d - Airstrike                      Air                          4
   e - Lightning Bolt                 Conjuration/Air              5
 F - a book of Cantrips

   Spells                             Type                      Level
   a - Confusing Touch                Hexes                        1
   b - Animate Skeleton               Necromancy                   1
   c - Summon Small Mammal            Summoning                    1
   d - Apportation                    Translocation                1
Comestibles
 a - 4 fruits
 c - 5 bread rations
 g - 6 meat rations


   Skills:
 + Level 2.1 Fighting
 + Level 3.8 Short Blades
 + Level 5.5 Dodging
 + Level 4.2 Stealth
 + Level 9.1 Spellcasting
 + Level 6.5 Conjurations
 + Level 7.6 Fire Magic


You had 15 spell levels left.
You knew the following spells:

 Your Spells              Type           Power        Failure   Level  Hunger
a - Flame Tongue          Conj/Fire      #####        1%          1    None
b - Throw Flame           Conj/Fire      #####.       1%          2    None
c - Conjure Flame         Conj/Fire      #####...     1%          3    None
d - Fireball              Conj/Fire      #####.....   14%         5    ####...


Dungeon Overview and Level Annotations

Branches:
Dungeon (7/15)             Temple (1/1) D:4

Altars:
Ashenzari
Gozag
Hepliaklqana
Makhleb
Okawaru
Qazlal
Ru
Sif Muna
Uskayaw
Wu Jian
Yredelemnul
Zin
The Shining One

Shops:
D:5 *   D:6 [   D:7 }

Annotations:
D:6 Menkaure
D:7 Joseph


Message History

Joseph is heavily wounded.
Joseph shoots a sling bullet.
The sling bullet hits you!
Casting: Throw Flame
Confirm with . or Enter, or press ? or * to list all spells.
Aiming: Throw Flame
Press: ? - help, Shift-Dir - straight line, f/p - Joseph
Aim: Joseph, wielding a hunting sling of velocity and wearing a dyed leather armour (heavily wounded)
The puff of flame hits Joseph.
Joseph completely resists.
Joseph is heavily wounded.
Joseph shoots a sling bullet.
The sling bullet hits you!
Casting: Throw Flame
Confirm with . or Enter, or press ? or * to list all spells.
Aiming: Throw Flame
Press: ? - help, Shift-Dir - straight line, f/p - Joseph
Aim: Joseph, wielding a hunting sling of velocity and wearing a dyed leather armour (heavily wounded)
The puff of flame hits Joseph.
Joseph resists.
Joseph is heavily wounded.
Joseph shoots a sling bullet.
The sling bullet hits you!
* * * LOW HITPOINT WARNING * * *
You die...

......#.....'....>#
###...#######.....#
. #### #.....# .
#.....# . #.....# .
#.....# . #.....# .
#.....# . #...@.# .
########.....# .
.............#
........v....#
.............#
..........(..#
...........@.#
.............#
........##'###


You could see Joseph and a fire vortex.

Vanquished Creatures
  The ghost of doMalho the Slinger, a novice HaHu of Elyvilon (D:6)
  The ghost of p0werm0de the Covert, a novice OpEn (D:4)
  A hippogriff (D:6)
  The ghost of p0werm0de the Sneak, an amateur OpEn of Ashenzari (D:3)
  2 phantoms
  An orc warrior (D:7)
  An ice beast (D:5)
  3 ogres
  2 centaurs (D:5)
  2 scorpions
  A bullfrog zombie (D:6)
  A quasit (D:6)
  A jelly (D:5)
  4 orc priests
  5 hounds
  2 orc wizards
  An iguana (D:5)
  Ijyb (D:3)
  3 worker ants
  A hound zombie (D:5)
  A worker ant zombie (D:5)
  6 gnolls
  A howler monkey skeleton (D:5)
  6 adders
  A shadow imp (D:4)
  3 oozes
  2 adder skeletons
  A worm (D:3)
  6 dart slugs
  3 leopard geckos
  21 orcs
  4 ball pythons
  5 giant cockroaches
  13 goblins
  14 hobgoblins
  9 jackals
  2 quokkas
  A ball python zombie (D:5)
  6 bats
  3 frilled lizards
  A jackal zombie (D:5)
  14 kobolds
  4 rats
  A spectral orc (D:2)
163 creatures vanquished.

Vanquished Creatures (others)
  A fire vortex (D:7)
1 creature vanquished.

Grand Total: 164 creatures vanquished

Notes
Turn   | Place    | Note
-------+----------+-------------------------------------------
     0 | D:1      | nikopol the Deep Elf Fire Elementalist began the quest for the Orb.
     0 | D:1      | Reached XP level 1. HP: 10/10 MP: 6/6
   187 | D:1      | Reached XP level 2. HP: 15/15 MP: 4/8
   774 | D:1      | Reached XP level 3. HP: 19/19 MP: 6/9
   916 | D:2      | Found a shattered altar of Ashenzari.
  1133 | D:2      | Reached skill level 4 in Spellcasting
  1151 | D:2      | Reached XP level 4. HP: 18/24 MP: 7/12
  1405 | D:2      | Found a basalt altar of Yredelemnul.
  1591 | D:3      | Noticed p0werm0de's ghost (amateur OpEn)
  1661 | D:2      | Learned a level 2 spell: Throw Flame
  1665 | D:2      | Learned a level 3 spell: Conjure Flame
  2024 | D:3      | Noticed Ijyb
  2031 | D:3      | Killed Ijyb
  2031 | D:3      | Reached skill level 5 in Spellcasting
  2031 | D:3      | Reached XP level 5. HP: 24/28 MP: 4/14
  2411 | D:4      | Noticed p0werm0de's ghost (novice OpEn)
  2733 | D:4      | Found an opulent altar of Gozag.
  2852 | D:4      | Reached XP level 6. HP: 32/32 MP: 6/16
  2863 | D:4      | Learned a level 5 spell: Fireball
  3399 | D:3      | Killed p0werm0de's ghost
  3399 | D:3      | Reached skill level 5 in Fire Magic
  3492 | D:4      | Killed p0werm0de's ghost
  3492 | D:4      | Reached skill level 6 in Spellcasting
  3492 | D:4      | Reached XP level 7. HP: 36/36 MP: 7/18
  3678 | D:4      | Found a staircase to the Ecumenical Temple.
  3762 | Temple   | Entered the Ecumenical Temple
  3785 | Temple   | Became a worshipper of Sif Muna the Loreminder
  4072 | D:4      | Reached skill level 7 in Spellcasting
  4224 | D:4      | Reached skill level 5 in Conjurations
  4361 | D:5      | Entered Level 5 of the Dungeon
  4700 | D:5      | Reached * piety under Sif Muna
  4700 | D:5      | Reached XP level 8. HP: 31/41 MP: 13/21
  5127 | D:5      | Found Offiwod's Assorted Antiques.
  5128 | D:5      | Found an opulent altar of Gozag.
  5411 | D:5      | Reached skill level 8 in Spellcasting
  5981 | D:5      | Found an ornate altar of the Wu Jian Council.
  6313 | D:6      | Noticed doMalho's ghost (novice HaHu)
  6501 | D:6      | Killed doMalho's ghost
  6501 | D:6      | Reached skill level 1 in Fighting
  6501 | D:6      | Reached XP level 9. HP: 36/48 MP: 7/23
  6800 | D:6      | Noticed Menkaure
  6904 | D:6      | Reached ** piety under Sif Muna
  6904 | D:6      | Reached skill level 9 in Spellcasting
  6912 | D:6      | Found a glowing golden altar of the Shining One.
  6993 | D:6      | Found a hazy altar of Hepliaklqana.
  7030 | D:6      | Found Odghut's Antique Armour Shoppe.
  7058 | D:6      | Bought a glowing cloak for 202 gold pieces
  7058 | D:6      | Bought an embroidered robe for 99 gold pieces
  7687 | D:7      | Reached skill level 5 in Dodging
  7934 | D:7      | Found Kasetobb's Gadget Emporium.
  8026 | D:7      | Found a hide-covered altar of Uskayaw.
  8074 | D:7      | Noticed Joseph
  8134 | D:7      | HP: 1/48 [Joseph/sling bullet (16)]
  8134 | D:7      | Shot with a sling bullet by Joseph

Vault maps used:
D:1:      lightli_arrival_flooded_house, due_unseen_surprise
D:2:      yredelemnul_forgotten_temple_becter, evilmike_ruin_ashenzari
D:3:      st_stairs_12, uniq_ijyb
D:4:      corexii_shantytown, kennysheep_mini, minmay_temple_entry_mist
D:5:      lemuel_round_altar, basic_altar, serial_shops, shop_coins, first_bread
D:6:      marbit_many_paths, serial_shops, nicolae_shop_overgrown_old_shop,
          basic_altar, uniq_menkaure
D:7:      lemuel_round_altar, gammafunk_temple_overflow_wave, serial_shops,
          shop_statue, st_stairs_6, kennysheep_generic_room_6, uniq_joseph
Temple:   regret_index_temple_waves

Skill      XL: |  1  2  3  4  5  6  7  8  9 |
---------------+----------------------------+-----
Stealth        | 3 4 |  4.2
Fire Magic     | 4 5 6 7 |  7.6
Spellcasting   | 4 5 6 7 8 9 |  9.1
Conjurations   | 2 3 4 5 6 |  6.5
Dodging        | 3 4 5 |  5.5
Fighting       | 1 2 |  2.1
Short Blades   | 2 3 |  3.8

Action                   |  1- 3 |  4- 6 |  7- 9 || total
-------------------------+-------+-------+-------++-------
Melee: Dagger            |       |       |   366 ||   366
 Cast: Flame Tongue      |    70 |   118 |   228 ||   416
       Conjure Flame     |       |     5 |     5 ||    10
       Throw Flame       |       |     3 |    35 ||    38
       Fireball          |       |       |     6 ||     6
  Eat: Chunk             |     1 |     6 |    13 ||    20
       Royal jelly       |       |       |     2 ||     2
Armor: Robe              |     5 |     6 |    97 ||   108
Dodge: Dodged            |    13 |    30 |   262 ||   305
Block: Buckler           |       |       |     1 ||     1
       Reflection        |       |       |     1 ||     1

Table legend:
 A = Spawn XP
 B = Non-spawn XP
 C = Spawn XP percentage of total XP
 D = Spawn monster count
 E = Non-spawn monster count
 F = Spawn count percentage of total count
 G = Total turns spent on level
                    A         B        C        D         E        F      G
               +---------+---------+-------+---------+---------+-------+---------
         Total |       0 |    3984 |   0.0 |       0 |     163 |   0.0 |  8134
               +---------+---------+-------+---------+---------+-------+---------
           D:1 |       0 |      45 |   0.0 |       0 |      22 |   0.0 |   853
           D:2 |       0 |      76 |   0.0 |       0 |      27 |   0.0 |   694
           D:3 |       0 |     265 |   0.0 |       0 |      17 |   0.0 |  1396
           D:4 |       0 |     800 |   0.0 |       0 |      41 |   0.0 |  1373
           D:5 |       0 |     908 |   0.0 |       0 |      34 |   0.0 |  2009
           D:6 |       0 |    1354 |   0.0 |       0 |      15 |   0.0 |  1387
           D:7 |       0 |     536 |   0.0 |       0 |       7 |   0.0 |   377
               +---------+---------+-------+---------+---------+-------+---------
